Selects Australian Defense Battlegroup
Selects Australian Light Infantry Section
Australian Light Infantry Section
Australian Light Infantry Section
Australian Light Infantry Section
Construct Section Command Post
Construct Platoon Command Post
Australian Light Infantry Section
Australian Light Infantry Section
Selects CMP 15cwt Supply Run
Selects Artillery Trip Wire Flares
Australian Light Infantry Section
Selects Archer Tank Destroyer